 Dungeon Crawl Stone Soup version 0.22.1-2-g9c5b331 (webtiles) character file.

20171 marthius the Fighter (level 12, -4/112 HPs)
             Began as a Minotaur Berserker on Dec 11, 2018.
             Was a High Priest of Trog.
             Killed by divine providence
             ... invoked by a meliai
              (11 damage)
             ... on level 13 of the Dungeon.
             The game lasted 01:15:26 (15971 turns).

marthius the Fighter (Minotaur Berserker)          Turns: 15971, Time: 01:15:26

Health: -4/112     AC: 12    Str: 32    XL:     12   Next: 43%
Magic:  15/15      EV: 13    Int:  4    God:    Trog [*****.]
Gold:   655        SH:  0    Dex: 11    Spells: 11/11 levels left

rFire    . . .     SeeInvis .   y - +8 trident of Prudence {drain, MR+ Str+6}
rCold    . . .     Gourm    .   (no shield)
rNeg     . . .     Faith    .   m - +0 chain mail
rPois    .         Spirit   .   (helmet restricted)
rElec    .         Reflect  .   (no cloak)
rCorr    .         Harm     .   (no gloves)
MR       +++..                  (no boots)
Stlth    ..........             (no amulet)
HPRegen  1.28/turn              (no ring)
MPRegen  0.14/turn              (no ring)

@: about to teleport, regenerating
A: retaliatory headbutt, horns 2
a: Berserk, Trog's Hand, Brothers in Arms, Renounce Religion


You were on level 13 of the Dungeon.
You worshipped Trog.
Trog was extremely pleased with you.
You were hungry.

You visited 1 branch of the dungeon, and saw 13 of its levels.
You also visited: Sewer.

You collected 655 gold pieces.

Inventory:

Hand Weapons
 q - a +6 battleaxe of draining
 y - the +8 trident of Prudence (weapon) {drain, MR+ Str+6}
   (You found it on level 10 of the Dungeon)

   A truly terrible weapon, it drains the life of those it strikes.
   It affects your strength (+6).
   It affects your resistance to hostile enchantments.
 P - a +5 halberd
Missiles
 b - 6 large rocks
 d - 144 sling bullets
 x - 17 tomahawks (quivered)
Armour
 m - a +0 chain mail (worn)
 p - a +0 shield
 r - a +2 ring mail of cold resistance
 H - a +0 troll leather armour
Jewellery
 E - a +2 ring of protection
Wands
 s - a wand of flame (23)
 w - a wand of disintegration (7)
 A - a wand of iceblast (7)
 I - a wand of scattershot (4)
 O - a wand of polymorph (11)
Scrolls
 a - a scroll of silence
 k - a scroll of identify
 l - 4 scrolls of teleportation
 t - 4 scrolls of immolation
 D - 4 scrolls of remove curse
 G - 2 scrolls of enchant armour
 M - 2 scrolls of magic mapping
Potions
 e - a potion of might {unknown}
 g - 3 potions of flight
 h - 2 potions of haste
 i - 3 potions of brilliance
 j - a potion of cancellation
 n - a potion of resistance {unknown}
 o - 2 potions of curing
 u - 2 potions of lignification
 v - 2 potions of agility
 B - a potion of berserk rage
 F - a potion of mutation
Comestibles
 c - 13 rations


   Skills:
 + Level 11.8 Fighting
   Level 9.2 Long Blades
 - Level 5.6(9.4) Axes
 * Level 11.4(11.9) Polearms
 + Level 11.4 Armour
 - Level 7.5 Dodging
 + Level 6.2 Evocations


You had 11 spell levels left.
You didn't know any spells.
Your spell library was empty.

Dungeon Overview and Level Annotations

Branches:
Dungeon (13/15)            Temple (0/1) D:5            Lair (0/6) D:8
    Orc (0/2) D:12
 Vaults: D:13-14

Altars:
Ashenzari
Dithmenos
Elyvilon
Nemelex Xobeh
Qazlal
Sif Muna
Trog
The Shining One


Innate Abilities, Weirdness & Mutations

You reflexively headbutt those who attack you in melee.
You have a pair of horns on your head.


Message History

Something smites you!
* * * LOW HITPOINT WARNING * * *
The meliai hits you but does no damage.
The meliai stings you but does no damage.
You hear an angry buzzing noise. x3
Okay, then.
As you read the scroll of teleportation, it crumbles to dust.
You feel strangely unstable. The meliai barely misses you.
The meliai closely misses you.
The meliai calls down the wrath of its god upon you.
Something smites you!
* * * LOW HITPOINT WARNING * * *
The meliai misses you.
The meliai stings you but does no damage.
You hear an angry buzzing noise.
The meliai barely misses you.
The meliai stings you but does no damage.
The meliai calls down the wrath of its god upon you.
Something smites you!
You die...

#.............
##...........
#..........#
#......##..##
#.#....##...#
##.####......##(.
#.## ###........
#.## #..####..
##@### ##.##
##y.###..#
##..#..## ##y...#
##..## #. ##.†##
##...
##...)####...#
#.....†......#
######†......##


You could see 2 meliai.

Vanquished Creatures
  Rupert (D:12)
  4 two-headed ogres
  An unseen horror (D:12)
  An ugly thing (D:11)
  A manticore (D:12)
  3 slime creatures (D:12)
  A cyclops (D:11)
  Psyche (D:9)
  A gargoyle (D:12)
  2 queen bees
  A meliai (D:13)
  4 trolls
  5 hippogriffs
  7 yaks (D:10)
  A wyvern (D:10)
  A wraith (D:10)
  2 hungry ghosts
  A water moccasin (D:10)
  A phantom (D:10)
  3 sky beasts
  5 ice beasts
  A black bear (D:9)
  2 orc warriors
  4 ogres
  6 wolves (D:8)
  3 centaurs
  A crocodile (D:10)
  4 big kobolds
  11 bullfrogs
  2 scorpions
  A wyvern skeleton (D:12)
  A water moccasin skeleton (D:6)
  42 killer bees
  11 wights
  5 howler monkeys
  2 electric eels (D:8)
  2 centaur zombies
  4 quasits
  7 hounds
  6 jellies
  7 centaur skeletons
  2 orc priests
  8 orc wizards
  Crazy Yiuf (D:2)
  5 bullfrog skeletons
  An iguana (D:10)
  7 worker ants
  A hound zombie (D:6)
  A howler monkey skeleton (D:5)
  19 adders
  6 shadow imps
  6 oozes (Sewer)
  An adder skeleton (D:6)
  2 adder zombies (D:5)
  3 worms (D:2)
  3 dart slugs
  10 leopard geckos
  21 orcs
  16 ball pythons
  15 giant cockroaches
  6 goblins
  10 hobgoblins
  4 jackals
  2 quokkas
  7 bats
  16 frilled lizards
  18 kobolds
  2 rats (D:1)
362 creatures vanquished.

Notes
Turn   | Place    | Note
-------+----------+-------------------------------------------
     0 | D:1      | marthius the Minotaur Berserker began the quest for the
                  | Orb.
     0 | D:1      | Reached XP level 1. HP: 19/19 MP: 0/0
     2 | D:1      | Noticed a draconian
     2 | D:1      | Noticed a demonspawn
     5 | D:1      | Noticed a gargoyle
     7 | D:1      | Noticed an octopode
     7 | D:1      | Noticed a merfolk
     9 | D:1      | Noticed a spriggan
     9 | D:1      | Noticed an elf
    11 | D:1      | Noticed a dwarf
    11 | D:1      | Noticed a tengu
    13 | D:1      | Noticed a naga
    13 | D:1      | Noticed a vine stalker
    15 | D:1      | Noticed a troll
    15 | D:1      | Noticed a ghoul
    17 | D:1      | Noticed a vampire
    17 | D:1      | Noticed an ogre
    19 | D:1      | Noticed a formicid
    22 | D:1      | Noticed a halfling
    22 | D:1      | Noticed a human
    24 | D:1      | Noticed a centaur
    26 | D:1      | Noticed a felid
    28 | D:1      | Noticed a minotaur
    28 | D:1      | Noticed a demigod
   148 | D:1      | Reached XP level 2. HP: 13/27 MP: 1/1
   949 | D:1      | Reached XP level 3. HP: 33/33 MP: 2/2
  1643 | D:2      | Reached ** piety under Trog
  1643 | D:2      | Reached XP level 4. HP: 41/41 MP: 3/3
  1836 | D:2      | Found a runed door.
  1840 | D:2      | Noticed Crazy Yiuf
  1847 | D:2      | Killed Crazy Yiuf
  2620 | D:3      | Found a shattered altar of Ashenzari.
  2644 | D:3      | Found a stormy altar of Qazlal.
  2656 | D:3      | Reached XP level 5. HP: 47/47 MP: 4/4
  3190 | D:3      | Found a white marble altar of Elyvilon.
  3230 | D:3      | Found a shadowy altar of Dithmenos.
  3485 | D:4      | Reached skill level 5 in Fighting
  3485 | D:4      | Reached skill level 5 in Axes
  3787 | D:4      | Noticed an ogre
  3795 | D:4      | Killed an ogre
  3795 | D:4      | Reached XP level 6. HP: 56/56 MP: 5/5
  4072 | D:5      | Entered Level 5 of the Dungeon
  4072 | D:5      | Found a sand-covered staircase.
  4723 | D:5      | Reached XP level 7. HP: 62/62 MP: 6/6
  4749 | D:5      | Reached skill level 1 in Long Blades
  4749 | D:5      | Reached skill level 5 in Armour
  5187 | D:5      | Found a staircase to the Ecumenical Temple.
  5711 | D:6      | Reached skill level 5 in Dodging
  5979 | D:6      | Found a glowing drain.
  5990 | Sewer    | Entered a sewer
  6053 | Sewer    | Reached XP level 8. HP: 62/71 MP: 7/7
  6228 | Sewer    | Reached *** piety under Trog
  6506 | Sewer    | Reached skill level 5 in Long Blades
  6633 | D:6      | Found a glowing golden altar of the Shining One.
  6802 | D:6      | Found a sparkling altar of Nemelex Xobeh.
  7351 | D:7      | Reached **** piety under Trog
  7414 | D:7      | Reached XP level 9. HP: 68/79 MP: 8/8
  8321 | D:8      | Found a deep blue altar of Sif Muna.
  8321 | D:8      | Found a bloodstained altar of Trog.
  8753 | D:8      | Noticed a troll
  8877 | D:8      | Killed a troll
  9600 | D:8      | Found a staircase to the Lair.
 10061 | D:9      | Reached skill level 1 in Polearms
 10068 | D:9      | Reached XP level 10. HP: 84/90 MP: 9/9
 10173 | D:9      | Noticed a two-headed ogre
 10182 | D:9      | Killed a two-headed ogre
 10182 | D:9      | Reached skill level 1 in Evocations
 10525 | D:9      | Noticed Psyche
 11375 | D:9      | Noticed a two-headed ogre
 11382 | D:9      | Killed a two-headed ogre
 11382 | D:9      | Reached skill level 5 in Polearms
 11675 | D:9      | Noticed a two-headed ogre
 11681 | D:9      | Killed a two-headed ogre
 11733 | D:9      | Killed Psyche
 12062 | D:10     | Entered Level 10 of the Dungeon
 12076 | D:10     | Reached skill level 10 in Fighting
 12126 | D:10     | Got a transparent trident
 12127 | D:10     | Identified the +8 trident of Prudence {drain, MR+ Str+6}
                  | (You found it on level 10 of the Dungeon)
 12233 | D:10     | Reached XP level 11. HP: 94/99 MP: 12/12
 12352 | D:10     | Reached ***** piety under Trog
 12552 | D:10     | Noticed a two-headed ogre
 12559 | D:10     | Killed a two-headed ogre
 12559 | D:10     | Reached skill level 10 in Armour
 13514 | D:11     | Noticed a cyan ugly thing
 13529 | D:11     | Killed a cyan ugly thing
 13529 | D:11     | Reached skill level 5 in Evocations
 13976 | D:11     | Received a gift from Trog
 14802 | D:12     | Killed an unseen horror
 14802 | D:12     | Reached skill level 10 in Polearms
 15051 | D:12     | Reached XP level 12. HP: 64/110 MP: 15/15
 15228 | D:12     | Found a staircase to the Orcish Mines.
 15271 | D:12     | Noticed Rupert
 15284 | D:12     | Killed Rupert
 15968 | D:13     | HP: 4/112 [meliai/divine providence (10)]
 15971 | D:13     | Killed from afar by a meliai

Skill      XL: |  1  2  3  4  5  6  7  8  9 10 11 12 |
---------------+-------------------------------------+-----
Fighting       | 4 5 6 7 8 10 11 | 11.8
Axes           | 4 5 |  5.6
Armour         | 3 4 5 6 8 9 10 11 | 11.4
Dodging        | 3 4 5 6 7 |  7.5
Long Blades    | 4 6 9 |  9.2
Polearms       | 1 6 10 11 | 11.4
Evocations     | 3 5 6 |  6.2

Action                   |  1- 3 |  4- 6 |  7- 9 | 10-12 || total
-------------------------+-------+-------+-------+-------++-------
Melee: Hand axe          |    85 |   158 |       |       ||   243
       Headbutt          |    15 |    30 |    95 |    69 ||   209
       Falchion          |       |    13 |    16 |       ||    29
       Long sword        |       |       |   409 |       ||   409
       Halberd           |       |       |    16 |    78 ||    94
       Trident           |       |       |       |   319 ||   319
Invok: Berserk           |     2 |     4 |     5 |     7 ||    18
       Trog's Hand       |       |     3 |     3 |     7 ||    13
       Brothers in Arms  |       |       |       |     1 ||     1
Evoke: Wand              |       |       |       |     2 ||     2
  Use: Scroll            |     3 |     5 |     8 |    13 ||    29
       Potion            |       |       |     1 |     8 ||     9
 Stab: Invisible         |       |       |     1 |       ||     1
  Eat: Chunk             |     4 |    11 |    17 |     8 ||    40
       Ration            |       |     1 |     2 |     6 ||     9
Armor: Animal skin       |     2 |       |       |       ||     2
       Scale mail        |    25 |    45 |     4 |       ||    74
       Chain mail        |       |       |   265 |   157 ||   422
Dodge: Dodged            |    32 |    89 |   191 |   250 ||   562
Block: Shield            |       |       |   196 |       ||   196
       Rpst.: Falchion   |       |     1 |     2 |       ||     3
       Long sword        |       |       |    50 |       ||    50
